 Dungeon Crawl Stone Soup version 0.29-a0-317-gd16b76e6b1 (webtiles) character file.

Game seed: 742940510476743482

86 Ijustatesigmund the Skirmisher (level 4, -1/36 HPs)
             Began as a Demonspawn Fighter on Mar 31, 2022.
             Slain by a goblin
             ... wielding a +0 club
             ... led by Robin
              (3 damage)
             ... on level 2 of the Dungeon.
             The game lasted 00:03:34 (1588 turns).

Ijustatesigmund the Skirmisher (Demonspawn Fighter) Turns: 1588, Time: 00:03:35

Health: -1/36      AC:  6    Str: 17    XL:     4   Next: 26%
Magic:  4/4        EV:  9    Int: 11    God:
Gold:   41         SH:  4    Dex: 12    Spells: 3/3 levels left

rFire   . . .      SeeInvis .   a - +1 war axe
rCold   . . .      Faith    .   c - +0 buckler
rNeg    . . .      Spirit   .   b - +0 scale mail
rPois   .          Reflect  .   (no helmet)
rElec   .          Harm     .   (no cloak)
rCorr   .          Rampage  .   (no gloves)
Will    .....                   (no boots)
Stlth   ..........              o - amulet of the acrobat
HPRegen 0.12/turn               (no ring)
MPRegen 0.09/turn               (no ring)

@: mighty, invisible
A: powered by pain 1
a: no special abilities


You were on level 2 of the Dungeon.
You visited 1 branch of the dungeon, and saw 2 of its levels.

You collected 41 gold pieces.

Inventory:

Hand Weapons
 a - a +1 war axe (weapon)
Missiles
 n - a throwing net (quivered)
Armour
 b - a +0 scale mail (worn)
 c - a +0 buckler (worn)
Jewellery
 o - an amulet of the acrobat (around neck)
Scrolls
 e - 3 scrolls of identify
Potions
 k - a potion of lignification


   Skills:
 + Level 3.6 Fighting
 * Level 3.2 Axes
 - Level 2.6 Armour
 + Level 1.5 Dodging
 - Level 2.6 Shields


You had 3 spell levels left.
You didn't know any spells.
Your spell library contained the following spells:

 Spells                   Type           Power      Damage    Failure   Level
 Animate Armour           Summ/Erth      0%         N/A       100%        4
 Summon Lightning Spire   Summ/Air       0%         N/A       100%        4
 Blade Hands              Tmut           0%         N/A       100%        5
 Iron Shot                Conj/Erth      0%         9d1       100%        6
 Storm Form               Tmut/Air       0%         N/A       100%        7
 Maxwell's Capacitive Co  Air            0%         ∞         100%        8


Dungeon Overview and Level Annotations

Branches:
Dungeon (2/15)

Altars:

Annotations:
D:2 Robin


Innate Abilities, Weirdness & Mutations

You sometimes gain a little power by taking damage.


Message History

The hobgoblin hits you.
You barely miss the hobgoblin.
The goblin no longer looks unusually strong.
You block the hobgoblin's attack.
You hit the hobgoblin.
The hobgoblin is moderately wounded.
Robin throws the goblin at you! The goblin closely misses you.
The hobgoblin barely misses you.
You hit the hobgoblin.
The hobgoblin is heavily wounded.
You closely miss the goblin. The goblin closely misses you.
The hobgoblin hits you. x2; The goblin barely misses you.
You barely miss the goblin. You slash the hobgoblin!
You kill the hobgoblin!
Robin roars a battlecry!
The goblin goes into a battle-frenzy!
The goblin hits you with a +0 dagger.
* * * LOW HITPOINT WARNING * * *
It was a potion of invisibility.
You fade into invisibility!
The goblin barely misses you. The goblin hits you with a +0 dagger.
* * * LOW HITPOINT WARNING * * *
You hit the goblin.
You kill the goblin!
You hit the goblin but do no damage.
The goblin no longer looks unusually strong.
Robin throws the goblin out of sight!
You block the goblin's attack.
You closely miss the goblin.
The hobgoblin no longer looks unusually strong.
Robin hits you from afar with a +0 trident.
* * * LOW HITPOINT WARNING * * *
The goblin hits you with a +0 club.
* * * LOW HITPOINT WARNING * * *
You block the goblin's attack. Robin barely misses you.
Okay, then.
You feel very mighty all of a sudden.
Robin hits you from afar with a +0 trident.
* * * LOW HITPOINT WARNING * * *
The goblin hits you with a +0 club.
You die...

###.####.####.[#,*,******,**,,,,*
,*#.# #)# #..#.#.# *,**,,,**
,*#.# #.#**#....#.* *,**,***
,*#.# #.#,,..##.#.******,**,*
,,..#**#.#,##......,,,,,,,**,*
,***,,,...,.........,,,**,**,* **
*,**##.,#..##.#.#**,**,**,* *,*
#.,#..##g#.# *,**,**,* ****,*
#..#.(##@#,* *,,,,**,* ,,**,*
##..#..##)#,* *,,*,**,* *,**,*
#......*#g#,*##g,*,**,* *,**,*
#...#.###g#.gg..,,,,,,* *,**,*
#.......$$...g[.g,,,***
#..#,###...............g,*,*
#..#.#.......###.#####.#,*,*
#............# #.# *,*,*,*
#..*##.......#*#.# *,*,*,*


You could see Robin (can't see you), a hobgoblin (can't see you) and a goblin
(can't see you).

Vanquished Creatures
  An iguana (D:2)
  An adder (D:2)
  3 endoplasms (D:1)
  4 giant cockroaches (D:1)
  10 goblins
  8 hobgoblins
  2 jackals (D:1)
  4 kobolds
  4 ball pythons
  3 bats
  7 frilled lizards
  A rat (D:1)
48 creatures vanquished.

Vanquished Creatures (others)
  6 fungi (D:2)
  8 plants (D:2)
14 creatures vanquished.

Grand Total: 62 creatures vanquished

Notes
Turn   | Place    | Note
-------+----------+-------------------------------------------
     0 | D:1      | Ijustatesigmund the Demonspawn Fighter began the quest for
                  | the Orb.
     0 | D:1      | Reached XP level 1. HP: 18/18 MP: 1/1
   320 | D:1      | Gained mutation: You sometimes gain a little power by
                  | taking damage. [demonic ancestry]
   320 | D:1      | Reached XP level 2. HP: 24/24 MP: 2/2
   862 | D:1      | Reached skill level 1 in Dodging
  1115 | D:2      | Reached XP level 3. HP: 18/29 MP: 3/3
  1376 | D:2      | Identified the +1 robe of the Evil One {Contam rC++ Int+2}
  1490 | D:2      | Reached XP level 4. HP: 35/35 MP: 4/4
  1564 | D:2      | Noticed Robin
  1588 | D:2      | Slain by a goblin

Illustrated notes

Levels and vault maps discovered:
D:1:      erik_arrival_triangle_medium, layout_loops_ring
D:2:      layout_loops_ring, shapermc_ecumenical_altar_mp_urbaneastern,
          minmay_misc_feat_iff, hangedman_feature_mirror, serial_bayou_ford_a,
          uniq_robin

Skill      XL: |  1  2  3 |
---------------+----------+-----
Axes           | 2 3 |  3.2
Dodging        | 1 |  1.5
Fighting       | |  3.6
Armour         | |  2.6
Shields        | |  2.6

Action                   |  1- 3 |  4- 6 || total
-------------------------+-------+-------++-------
Melee: War axe           |   114 |    23 ||   137
  Use: Scroll            |     8 |       ||     8
       Potion            |     1 |     2 ||     3
Armor: Scale mail        |    54 |     6 ||    60
Dodge: Dodged            |    52 |    14 ||    66
Block: Buckler           |    29 |     5 ||    34

Table legend: (Time is in decaauts)
 A = Elapsed time spent in this place.
 B = Non-inter-level travel time spent in this place.
 C = Inter-level travel time spent in this place.
 D = Time resting spent in this place.
 E = Time spent auto-exploring this place.
 F = Levels seen in this place.
 G = Mean time per level.
                   A        B        C        D        E       F      G
               +--------+--------+--------+--------+--------+-----+--------+
         Total |   1644 |   1613 |     31 |    191 |   1076 |   2 |  822.0 |
       Dungeon |   1644 |   1613 |     31 |    191 |   1076 |   2 |  822.0 |
               +--------+--------+--------+--------+--------+-----+--------+

Top non-repeatable levels by time:
     D:1: 1126 daAuts
     D:2: 518 daAuts
